General information
- name: BNet
- type: Ladder 1vs1/FFA
- host: Battle.net
- saver: wishfulthinking
map: TurtleRock
- players: 2
- length: 05:49
- speed: Fast
- version: 1.24 W3XP
- replay type: Public
» download(26 KB)
Players
team 1 (winner)
LoveHaitian (
green | 154 APM | 900 actions | 05:49)
2 Death Knight
1 Death Coil
1 Unholy Aura
» actions
| Assign group hotkey | 12 | |
| Basic commands | 3 | |
| Build / train | 41 | |
| Enter build submenu | 7 | |
| Enter hero's abilities submenu | 2 | |
| Give item / drop item | 1 | |
| Right click | 466 | |
| Select / deselect | 101 | |
| Select group hotkey | 236 | |
| Use ability | 31 | |
900 total
» units
» buildings
| Crypt | 2 | |
| Altar of Darkness | 1 | |
| Ziggurat | 3 | |
| Tomb of Relics | 1 | |
7 total
» build order
00:05 Crypt
00:11 Altar of Darkness
00:25 Ziggurat
01:06 Tomb of Relics
01:41 Ziggurat
02:11 Crypt
03:55 Ziggurat
» items
| Rod of Necromancy | 3 | |
| Dust of Appearance | 1 | |
4 total
team 2 (loser)
wishfulthinking (
yellow | 140 APM | 817 actions | 05:49)
2 Warden
1 Shadow Strike
1 Blink
» actions
| Assign group hotkey | 16 | |
| Basic commands | 5 | |
| Build / train | 29 | |
| ESC pressed | 2 | |
| Enter build submenu | 9 | |
| Enter hero's abilities submenu | 2 | |
| Right click | 467 | |
| Select / deselect | 120 | |
| Select group hotkey | 129 | |
| Use ability | 38 | |
817 total
» units
» buildings
| Altar of Elders | 1 | |
| Moon Well | 2 | |
| Ancient of War | 2 | |
| Hunter's Hall | 1 | |
| Ancient Protector | 1 | |
7 total
» build order
00:09 Altar of Elders
00:19 Moon Well
00:36 Ancient of War
01:44 Moon Well
03:18 Hunter's Hall
04:04 Ancient of War
05:20 Ancient Protector
Chat log
(00:21 / All) wishfulthinking: gl hf
(05:48 / All) wishfulthinking: gg